[Event "Late-Titled-Tuesday-Blitz-September-05-2023"]
[Site "Chess.com"]
[Date "2023.09.05"]
[Round "5"]
[White "MITerryble"]
[Black "Andrei_Skvortsov"]
[Result "1-0"]
[WhiteElo "2917"]
[BlackElo "2630"]
[TimeControl "180+1"]
[EndTime "14:59:35 PDT"]
[Termination "MITerryble won on time"]

1. e4 d5 2. exd5 Qxd5 3. Nc3 Qe5+ 4. Nge2 Nf6 5. g3 c6 6. Bg2 Qa5 7. O-O e5 8. d4 Be7 9. dxe5 Qxe5 10.
Bf4 Qa5 11. Bd6 Bxd6 12. Qxd6 Qd8 13. Qe5+ Qe7 14. Qxe7+ Kxe7 15. Nd4 Rd8 16. Rad1 Bd7 17. Rfe1+ Kf8 18. Nb3 Na6 19. Na5 Rab8 20. a3 Nc5 21. b4 Ne6 22. f4 g6 23. h3 Be8 24. Kf2 Rxd1 25. Rxd1 Ke7 26. Bf3 Bd7 27. h4 h5 28.
Rd2 Nd8 29. Nc4 Bg4 30. Bg2 Be6 31. Na5 Rc8 32. Bf3 b6 33. Nb3 Bxb3 34. cxb3 Ne6 35. Be2 Rd8 36. Rb2 Nd4 37. Bd1 Nf5 38. Bf3 Rd3 39. Ne4 Nxe4+ 40. Bxe4 Rc3 41. Bf3 Nd4 42. Bd1 c5 43. bxc5 bxc5 44. b4 c4 45. a4 Nf5 46.
Bf3 Nd4 47. Bd5 Nf5 48. Re2+ Kf6 49. Re4 Rc2+ 50. Kf3 c3 51. Rc4 Rc1 52. Be4 c2 53.
Rc6+ Kg7 54. Kf2 Nd4 55. Rc4 Ra1 56. Bxc2 Nxc2 57. Rxc2 Rxa4 58. Rb2 Ra3 59. b5 Kf6 60.
b6 axb6 61. Rxb6+ Kg7 62. Kg2 Rc3 63. Kh3 Ra3 64. Rc6 Rd3 65. Rc5 Rb3 66. Ra5 Rd3 67. Rb5 Rc3 68. f5 Rd3 69. Kg2 Rc3 70. Kf2 Rd3 71. Ra5 Rc3 72. Rd5 Rb3 73. fxg6 fxg6 74. Rd6 Kh6 75. Rd8 Rc3 76. Rh8+ Kg7 77. Ra8 Rb3 78. Ra7+ Kh6 79. Kg2 Rb2+ 80. Kh3 Rb3 81. Rd7 Ra3 82. Re7 Rb3 83. Kg2 Ra3 84. Kf2 Rb3 85. Re3 Rb2+ 86. Kf3 Rb4 87. Re4 Rb3+ 88. Kf4 Rb5 89. Re3 Kg7 90. Rc3 Kf6 91. Rc6+ Kg7 92. Re6 Rf5+ 93. Ke4 Ra5 94. Rc6 Rb5 95.
Kf4 Rf5+ 96. Ke4 Ra5 97. Rb6 Ra4+ 98. Ke5 Rg4 99. Rb3 Kf7 100. Rc3 Kg7 101. Rd3 Kh6 102. Kf6 Ra4 103. Rd6 Ra3 104. Kf7 Rxg3 105. Rf6 Rg4 106. Rd6 Rf4+ 107. Rf6 1-0

[Event "Late-Titled-Tuesday-Blitz-September-05-2023"]
[Site "Chess.com"]
[Date "2023.09.05"]
[Round "6"]
[White "Truequitos"]
[Black "MikeSailer"]
[Result "1-0"]
[WhiteElo "2435"]
[BlackElo "2186"]
[TimeControl "180+1"]
[EndTime "15:02:23 PDT"]
[Termination "Truequitos won by resignation"]

1. e4 d5 2. e5 c5 3. d4 cxd4 4. h3 Nc6 5. Nf3 Bf5 6. Nxd4 Nxd4 7. Qxd4 a6 8. Nc3 e6 9. Qa4+ b5 10. Nxb5 axb5 11. Bxb5+ Ke7 12. Qb4+ 1-0

[Event "Late-Titled-Tuesday-Blitz-September-05-2023"]
[Site "Chess.com"]
[Date "2023.09.05"]
[Round "6"]
[White "Jarming"]
[Black "Chessdreamer2020"]
[Result "0-1"]
[WhiteElo "2645"]
[BlackElo "2513"]
[TimeControl "180+1"]
[EndTime "15:02:46 PDT"]
[Termination "Chessdreamer2020 won by resignation"]

1. d4 d6 2. c4 e5 3. e3 Nd7 4. Nc3 Ngf6 5. g3 g6 6. Bg2 Bg7 7. Nge2 O-O 8. O-O Re8 9. h3 c6 10. b4 e4 11. b5 d5 12. bxc6 bxc6 13. Ba3 Qa5 14. Bd6 Ba6 15. c5 Bf8 16. Bxf8 Nxf8 17. Qd2 Bxe2 18. Qxe2 Qxc3 19. Qa6 Rec8 20. Rfc1 Qd3 21.
Qa5 Qb5 22. Qa3 Qb7 23. Rab1 Qc7 24. Rb3 Rcb8 25. Rcb1 Rxb3 26. Qxb3 N8d7 0-1

[Event "Late-Titled-Tuesday-Blitz-September-05-2023"]
[Site "Chess.com"]
[Date "2023.09.05"]
[Round "6"]
[White "Jenia84"]
[Black "TheMagician"]
[Result "1/2-1/2"]
[WhiteElo "2327"]
[BlackElo "2088"]
[TimeControl "180+1"]
[EndTime "15:02:48 PDT"]
[Termination "Game drawn by agreement"]

1. Nf3 d5 2. g3 Nf6 3. Bg2 g6 4. O-O Bg7 5. d3 O-O 6. c4 c6 7.
Nc3 Bg4 8. h3 Bxf3 9. Bxf3 dxc4 10. dxc4 Qxd1 11. Rxd1 Nbd7 12. Bg5 Ne5 13. b3 Nxf3+ 14.
exf3 Rfd8 15. Rxd8+ Rxd8 16. Rd1 Rxd1+ 17. Nxd1 Kf8 18.
Kf1 Ke8 19. Ke2 Nd7 20. Be3 a6 21. f4 e5 22. fxe5 Bxe5 23. f4 Bg7 24. Kd3 f5 25. b4 Ke7 26. a4 Ke6 27. a5 Bf8 28. c5 Nf6 29. Nc3 Nd5 30. Nxd5 Kxd5 31. Bd4 Be7 32. h4 h5 1/2-1/2

[Event "Late-Titled-Tuesday-Blitz-September-05-2023"]
[Site "Chess.com"]
[Date "2023.09.05"]
[Round "6"]
[White "InadaC"]
[Black "Defenstrator"]
[Result "0-1"]
[WhiteElo "2141"]
[BlackElo "2308"]
[TimeControl "180+1"]
[EndTime "15:02:48 PDT"]
[Termination "Defenstrator won by resignation"]

1. d4 g6 2. c4 Bg7 3. Nc3 Nf6 4. Nf3 d6 5. Bg5 O-O 6. e3 c5 7. d5 b5 8. Nxb5 Ne4 9. Qc2 Qa5+ 10. Nd2 Nxg5 11. Be2 f5 12. O-O Nd7 13. h4 Nf7 14.
e4 Nde5 15. Nb3 Qd8 16. Nd2 f4 17. Nf3 Bg4 18. Nxe5 Nxe5 19. f3 Bd7 20. a4 e6 21.
Nxd6 Qxh4 22. Nb7 Ng4 23. fxg4 Bd4+ 24. Rf2 Qxf2+ 0-1

[Event "Late-Titled-Tuesday-Blitz-September-05-2023"]
[Site "Chess.com"]
[Date "2023.09.05"]
[Round "6"]
[White "IngOscarArdila"]
[Black "rochaaaaaaaaaa"]
[Result "1-0"]
[WhiteElo "2387"]
[BlackElo "2263"]
[TimeControl "180+1"]
[EndTime "15:03:00 PDT"]
[Termination "IngOscarArdila won by resignation"]

1. d4 d5 2. c4 e6 3. Nc3 h6 4. Nf3 Nf6 5. Bf4 dxc4 6. e3 c5 7. Bxc4 Nc6 8. dxc5 Bxc5 9. O-O O-O 10. Qe2 Qe7 11. h3 b6 12. Ne5 Nxe5 13. Bxe5 Bb7 14. Rfd1 Rfd8 15. a3 Rac8 16. b4 Bd6 17. Bxd6 Rxd6 18.
Nb5 Rdd8 19. Nxa7 Bxg2 20. Nxc8 1-0

[Event "Late-Titled-Tuesday-Blitz-September-05-2023"]
[Site "Chess.com"]
[Date "2023.09.05"]
[Round "6"]
[White "stregachess"]
[Black "Javylavilla"]
[Result "0-1"]
[WhiteElo "2091"]
[BlackElo "2302"]
[TimeControl "180+1"]
[EndTime "15:03:01 PDT"]
[Termination "Javylavilla won by resignation"]

1. d4 Nf6 2. Nf3 c5 3. c3 d6 4. Bf4 d5 5. e3 Nc6 6. Nbd2 Qb6 7. dxc5 Qxb2 8. c4 e5 9. Bg5 Ne4 10. cxd5 Nb4 11. Bb5+ Bd7 12. Bxd7+ Kxd7 13. c6+ Kc7 14. O-O Nc3 15. d6+ Bxd6 16. Qe1 Nd3 0-1

[Event "Late-Titled-Tuesday-Blitz-September-05-2023"]
[Site "Chess.com"]
[Date "2023.09.05"]
[Round "6"]
[White "reevecanada"]
[Black "temus_galaktionov"]
[Result "0-1"]
[WhiteElo "2542"]
[BlackElo "2806"]
[TimeControl "180+1"]
[EndTime "15:03:02 PDT"]
[Termination "temus_galaktionov won by resignation"]

1. e4 c6 2. c4 g6 3. d4 Bg7 4. Nc3 d6 5. f3 e5 6. Be3 Qb6 7. Nge2 Qxb2 8. h4 Qb4 9. h5 Qxc4 10.
Rc1 Qb4 11. g4 Qa5 12. Kf2 Be6 13. Ng3 Nf6 14. g5 Nfd7 15. d5 cxd5 16. exd5 Bf5 17.
Nxf5 gxf5 18. f4 exf4 19. Bxf4 Bxc3 20. Bxd6 Qb6+ 21. Kg2 Qxd6 22. Rxc3 O-O 23. Qd4 Qe5 24. Qd2 Na6 25. g6 f4 26. Bc4 Rac8 27. gxf7+ Kh8 28.
Kf3 Rxf7 29. Re1 Qxh5+ 30. Kf2 Qh2+ 31. Kf1 Qxd2 0-1

[Event "Late-Titled-Tuesday-Blitz-September-05-2023"]
[Site "Chess.com"]
[Date "2023.09.05"]
[Round "6"]
[White "picturesquecheck"]
[Black "Eloist"]
[Result "0-1"]
[WhiteElo "2302"]
[BlackElo "2461"]
[TimeControl "180+1"]
[EndTime "15:03:07 PDT"]
[Termination "Eloist won by resignation"]

1. e4 e6 2. d4 d5 3. Nd2 Nf6 4. e5 Nfd7 5. Bd3 c5 6. c3 b6 7.
Nh3 Ba6 8. Bxa6 Nxa6 9. Qg4 Nc7 10.
O-O g6 11. f4 h5 12. Qf3 Be7 13. Qe2 Nb8 14. Nf3 Nc6 15. Be3 c4 16. Nf2 b5 17. h3 a5 18. g4 hxg4 19. hxg4 b4 20.
Kg2 Nb5 21. Bd2 a4 22. Rh1 Kd7 23. f5 gxf5 24. gxf5 Qg8+ 25. Ng5 Rxh1 0-1

[Event "Late-Titled-Tuesday-Blitz-September-05-2023"]
[Site "Chess.com"]
[Date "2023.09.05"]
[Round "6"]
[White "azikom"]
[Black "Roedor"]
[Result "1-0"]
[WhiteElo "2657"]
[BlackElo "2417"]
[TimeControl "180+1"]
[EndTime "15:03:08 PDT"]
[Termination "azikom won by resignation"]

1. c4 Nf6 2. Nc3 g6 3. g3 Bg7 4. Bg2 O-O 5. Nf3 d6 6. O-O Nc6 7. d3 e5 8. Rb1 a5 9. a3 Nh5 10.
b4 axb4 11. axb4 f5 12. b5 Ne7 13. Nd2 f4 14. Qb3 Kh8 15. Nde4 Nf5 16. e3 f3 17. Bxf3 Nd4 18. exd4 Rxf3 19. Ng5 Rxd3 20. Nf7+ 1-0

[Event "Late-Titled-Tuesday-Blitz-September-05-2023"]
[Site "Chess.com"]
[Date "2023.09.05"]
[Round "6"]
[White "Fonsofan"]
[Black "onnoelgersma"]
[Result "0-1"]
[WhiteElo "2729"]
[BlackElo "2594"]
[TimeControl "180+1"]
[EndTime "15:03:11 PDT"]
[Termination "onnoelgersma won by resignation"]

1. e4 e6 2. d3 d5 3. Nd2 Nf6 4.
Ngf3 c5 5. g3 Nc6 6. Bg2 Be7 7.
O-O O-O 8. Re1 b5 9. exd5 exd5 10. d4 Bg4 11. dxc5 Bxc5 12. h3 Bh5 13. Nb3 Bb6 14. Be3 Re8 15. Qd2 Ne4 16. Qd3 Nb4 17. Qd1 Nxg3 18. Bxb6 Qxb6 19. c3 Nc6 20. Qxd5 Ne2+ 21.
Rxe2 Rxe2 22. Qxh5 Qxf2+ 0-1

[Event "Late-Titled-Tuesday-Blitz-September-05-2023"]
[Site "Chess.com"]
[Date "2023.09.05"]
[Round "6"]
[White "kacprekt"]
[Black "IMSlavin"]
[Result "0-1"]
[WhiteElo "2418"]
[BlackElo "2182"]
[TimeControl "180+1"]
[EndTime "15:03:32 PDT"]
[Termination "IMSlavin won by resignation"]

1. g3 Nf6 2. Bg2 Nc6 3. d4 d6 4. Nf3 Bf5 5. O-O Qc8 6. Re1 Bh3 7. Bh1 h6 8. e4 e5 9. d5 Ne7 10. c4 Ng6 11. Nc3 Be7 12. b4 a5 13. Ba3 axb4 14. Bxb4 O-O 15. a4 b6 16. a5 bxa5 17.
Rxa5 Rxa5 18. Bxa5 Qa6 19. Qa4 Ra8 20. Ra1 Bd8 21.
Nd2 Bd7 22. Qa2 Ng4 23. f3 Qa7+ 0-1

[Event "Late-Titled-Tuesday-Blitz-September-05-2023"]
[Site "Chess.com"]
[Date "2023.09.05"]
[Round "6"]
[White "NotFischer"]
[Black "Emp3rador"]
[Result "0-1"]
[WhiteElo "2282"]
[BlackElo "2505"]
[TimeControl "180+1"]
[EndTime "15:03:48 PDT"]
[Termination "Emp3rador won by resignation"]

1. b4 Nf6 2. Bb2 g6 3. c4 Bg7 4. Nf3 c6 5. e3 d5 6. d4 Bg4 7.
Nbd2 O-O 8. Qb3 Bxf3 9. Nxf3 Nbd7 10. Rc1 a5 11. b5 a4 12. Qa3 Ne4 13. cxd5 cxd5 14.
Bd3 Qa5+ 15. Ke2 e6 16. Rc2 Rfc8 17. Rhc1 Rxc2+ 18. Rxc2 Bf8 19. Rc5 Ndxc5 0-1

[Event "Late-Titled-Tuesday-Blitz-September-05-2023"]
[Site "Chess.com"]
[Date "2023.09.05"]
[Round "6"]
[White "emeli_chess"]
[Black "NelsonLinda"]
[Result "0-1"]
[WhiteElo "2360"]
[BlackElo "2487"]
[TimeControl "180+1"]
[EndTime "15:03:49 PDT"]
[Termination "NelsonLinda won by resignation"]

1. d4 Nf6 2. c4 c5 3. d5 b5 4. cxb5 a6 5. b6 e6 6. Nc3 exd5 7. Nxd5 Nxd5 8. Qxd5 Nc6 9. Nf3 Be7 10. e4 O-O 11. Bc4 Qxb6 12. O-O d6 13. Ng5 Nb4 14.
Qxa8 Bb7 15. Bxf7+ Kh8 16. Qxf8+ Bxf8 17. Bc4 h6 18. Ne6 Be7 19. f3 Nc2 20. Rb1 Na3 21.
Bd3 c4+ 22. Kh1 cxd3 0-1

[Event "Late-Titled-Tuesday-Blitz-September-05-2023"]
[Site "Chess.com"]
[Date "2023.09.05"]
[Round "6"]
[White "artin10862"]
[Black "karinachess1"]
[Result "1-0"]
[WhiteElo "2925"]
[BlackElo "2561"]
[TimeControl "180+1"]
[EndTime "15:03:50 PDT"]
[Termination "artin10862 won by resignation"]

1. d4 Nf6 2. c4 g6 3. Nc3 Bg7 4. e4 O-O 5. Nf3 d6 6. Be2 e5 7. d5 a5 8. Bg5 h6 9. Bh4 Qe8 10. Nd2 Ra6 11. c5 Ra8 12. cxd6 cxd6 13. Nc4 Ra6 14. a4 Bd7 15. O-O Nh7 16. Nb5 Bxb5 17. axb5 Ra8 18. Nxd6 Qd7 19. Nc4 Qxb5 20. Be7 Nd7 21.
Nxe5 Qxb2 22. Nxd7 Rfe8 23. Rb1 Qc3 24. d6 a4 25. Nb6 Ra5 26. d7 1-0

[Event "Late-Titled-Tuesday-Blitz-September-05-2023"]
[Site "Chess.com"]
[Date "2023.09.05"]
[Round "6"]
[White "The_Straightforward_Rook"]
[Black "Quattroporte300"]
[Result "1-0"]
[WhiteElo "2502"]
[BlackElo "2389"]
[TimeControl "180+1"]
[EndTime "15:03:54 PDT"]
[Termination "The_Straightforward_Rook won by resignation"]

1. d4 Nf6 2. c4 g6 3. h4 Bg7 4.
Nc3 d5 5. h5 dxc4 6. h6 Bf8 7.
e4 c5 8. Bxc4 cxd4 9. e5 dxc3 10. Bxf7+ Kxf7 11. Qxd8 Nc6 12. Qc7 Nd5 13. e6+ Kxe6 14.
Qg3 Nd4 15. Nf3 Nc2+ 16. Kf1 Nxa1 17. Qe5+ Kd7 18. Qxd5+ Ke8 19. Ne5 e6 20. Qb5+ Ke7 21.
Bg5+ Kd6 22. Nf7+ Kc7 23. Bf4+ 1-0

[Event "Late-Titled-Tuesday-Blitz-September-05-2023"]
[Site "Chess.com"]
[Date "2023.09.05"]
[Round "6"]
[White "TheRigos"]
[Black "rasmussvane"]
[Result "0-1"]
[WhiteElo "2551"]
[BlackElo "2940"]
[TimeControl "180+1"]
[EndTime "15:03:59 PDT"]
[Termination "rasmussvane won by resignation"]

1. d4 d5 2. c4 e6 3. Nc3 h6 4. cxd5 exd5 5. Nf3 Nf6 6. Bf4 Bd6 7. Bxd6 Qxd6 8. e3 Bf5 9. Qb3 Qb6 10. Qa3 Nbd7 11. Rc1 c6 12. Be2 a5 13. Na4 Qb4+ 14. Qxb4 axb4 15.
b3 b5 16. Nc5 Nxc5 17. Rxc5 Rxa2 18. Rxc6 Ra1+ 19. Bd1 Ne4 20. O-O Nc3 21. Bc2 Ne2+ 0-1

[Event "Late-Titled-Tuesday-Blitz-September-05-2023"]
[Site "Chess.com"]
[Date "2023.09.05"]
[Round "6"]
[White "Michalczak"]
[Black "KorolDimitriy75"]
[Result "1-0"]
[WhiteElo "2510"]
[BlackElo "2329"]
[TimeControl "180+1"]
[EndTime "15:03:59 PDT"]
[Termination "Michalczak won on time"]

1. e4 c5 2. c3 d5 3. exd5 Qxd5 4. Nf3 Nc6 5. Na3 Nf6 6. Bc4 Qd8 7. O-O e6 8. Qe2 Be7 9. Rd1 O-O 10. d4 cxd4 11. Nb5 a6 12. Nbxd4 Nxd4 13. Rxd4 Qe8 14. Ne5 b5 15.
Bd3 Bb7 16. Bd2 Rd8 17. Rh4 1-0

[Event "Late-Titled-Tuesday-Blitz-September-05-2023"]
[Site "Chess.com"]
[Date "2023.09.05"]
[Round "6"]
[White "sofaceindisguise"]
[Black "Sina_Movahed"]
[Result "0-1"]
[WhiteElo "2736"]
[BlackElo "2984"]
[TimeControl "180+1"]
[EndTime "15:04:01 PDT"]
[Termination "Sina_Movahed won by resignation"]

1. c4 Nf6 2. Nc3 g6 3. g3 Bg7 4.
Bg2 O-O 5. Nf3 d6 6. O-O e5 7.
d3 Re8 8. Rb1 c6 9. b4 a6 10. a4 h6 11. b5 axb5 12. axb5 d5 13. bxc6 bxc6 14. cxd5 cxd5 15. d4 e4 16. Ne5 Be6 17.
Bd2 Nbd7 18. Nxd7 Qxd7 19. Qc2 Rec8 20. Rfc1 Kh7 21. Qd1 h5 22. Bf4 h4 23. Be5 h3 24.
Bf1 Ng4 25. Bxg7 Kxg7 26. e3 Qd8 27. Na4 Rxc1 28. Rxc1 Qf6 29. Rc2 Rxa4 30. Bxh3 Nxe3 31. fxe3 Bxh3 32. Rf2 Qa6 0-1

[Event "Late-Titled-Tuesday-Blitz-September-05-2023"]
[Site "Chess.com"]
[Date "2023.09.05"]
[Round "6"]
[White "ArtemDyachuk"]
[Black "Cmorales2001"]
[Result "1-0"]
[WhiteElo "2552"]
[BlackElo "2427"]
[TimeControl "180+1"]
[EndTime "15:04:07 PDT"]
[Termination "ArtemDyachuk won by checkmate"]

1. e4 c6 2. d4 d5 3. e5 Bf5 4.
Nf3 e6 5. Be2 Bg6 6. O-O Qc7 7.
Nbd2 Nd7 8. Nb3 f6 9. Bf4 fxe5 10. dxe5 Ne7 11. Nbd4 Bf7 12. Ng5 Nxe5 13. Nxf7 Kxf7 14. Bg4 Nf5 15. Nxe6 Kxe6 16. Re1 Bd6 17. Bxe5 Bxe5 18. f4 Kf7 19. Rxe5 Nd6 20. Be6+ Kf6 21. Qh5 g6 22. Qg5+ Kg7 23. f5 Rhf8 24. Rf1 Ne4 25. Qf4 Qb6+ 26. Kh1 Kh8 27. Rxe4 dxe4 28. Qe5+ Rf6 29. Qxf6# 1-0

[Event "Late-Titled-Tuesday-Blitz-September-05-2023"]
[Site "Chess.com"]
[Date "2023.09.05"]
[Round "6"]
[White "Amirreza_p"]
[Black "platy3"]
[Result "0-1"]
[WhiteElo "2607"]
[BlackElo "2911"]
[TimeControl "180+1"]
[EndTime "15:04:13 PDT"]
[Termination "platy3 won by resignation"]

1. e4 c5 2. c3 e6 3. d4 d5 4. e5 Nc6 5. Nf3 Qb6 6. a3 c4 7. Nbd2 Na5 8. h4 Bd7 9. Be2 Ne7 10. O-O h6 11. h5 O-O-O 12. Nh4 Kb8 13. Rb1 Nec6 14. g3 Be7 15. Ng2 Ka8 16. Nf3 Nb3 17. Be3 Rdg8 18. Nf4 g5 19. hxg6 fxg6 20. Kg2 g5 21. Nh5 Qd8 22. Nh2 Be8 23. Bg4 Bf7 24. Qe2 Qe8 25. Rh1 Bg6 26. Rbd1 Qf7 27. f3 Bxh5 0-1

[Event "Late-Titled-Tuesday-Blitz-September-05-2023"]
[Site "Chess.com"]
[Date "2023.09.05"]
[Round "6"]
[White "Langua_Chess"]
[Black "kaanadayhamle"]
[Result "1-0"]
[WhiteElo "2486"]
[BlackElo "2350"]
[TimeControl "180+1"]
[EndTime "15:04:13 PDT"]
[Termination "Langua_Chess won by checkmate"]

1. d4 Nf6 2. c4 e6 3. Nc3 d5 4.
cxd5 exd5 5. Bg5 Be7 6. e3 c6 7.
Bd3 Nbd7 8. Nge2 O-O 9. O-O Re8 10. Qc2 h6 11. Bh4 Nf8 12. f3 Ne6 13. h3 a5 14. Bf2 g6 15. e4 dxe4 16. fxe4 Ng7 17. Rad1 Be6 18. Nf4 g5 19. Nxe6 Nxe6 20. e5 Nd5 21. Nxd5 cxd5 22. Be3 Kg7 23. Qf2 Rf8 24. Qf5 Rh8 25. Qxf7# 1-0

[Event "Late-Titled-Tuesday-Blitz-September-05-2023"]
[Site "Chess.com"]
[Date "2023.09.05"]
[Round "6"]
[White "Goryachkina"]
[Black "dropstoneDP"]
[Result "1/2-1/2"]
[WhiteElo "2678"]
[BlackElo "3003"]
[TimeControl "180+1"]
[EndTime "15:04:18 PDT"]
[Termination "Game drawn by repetition"]

1. e4 e5 2. Nf3 Nf6 3. Nc3 Nc6 4. d4 exd4 5. Nxd4 Bb4 6. Nxc6 bxc6 7. Bd3 O-O 8. O-O d5 9. exd5 cxd5 10. h3 c5 11. Bg5 Be6 12. a3 Bxc3 13. bxc3 c4 14.
Be2 h6 15. Bh4 Re8 16. Bf3 Bf5 17. Qd4 Bxc2 18. Bxf6 Qxf6 19. Qxf6 gxf6 20. Bxd5 Rac8 21.
Rfe1 Bd3 22. f3 Rxe1+ 23. Rxe1 Rc5 24. Re8+ Kg7 25. Rd8 Ra5 26. Rd7 Bg6 27. Bxc4 Rxa3 28. Bd5 Rxc3 29. Rxa7 h5 30. Ra4 Rd3 31. Be4 Bxe4 32.
Rxe4 Kg6 33. Kf2 Rd2+ 34. Kg3 Rc2 35. Rd4 Rb2 36. Rc4 Ra2 37. Rd4 Rb2 38. Rc4 Ra2 39.
Rd4 Rb2 1/2-1/2

[Event "Late-Titled-Tuesday-Blitz-September-05-2023"]
[Site "Chess.com"]
[Date "2023.09.05"]
[Round "6"]
[White "jjbolanos"]
[Black "rikchessmx"]
[Result "0-1"]
[WhiteElo "2077"]
[BlackElo "2394"]
[TimeControl "180+1"]
[EndTime "15:04:32 PDT"]
[Termination "rikchessmx won by resignation"]

1. e4 c5 2. Nf3 e6 3. d4 cxd4 4. Nxd4 a6 5. c4 Qc7 6. Nc3 Nf6 7. a3 h5 8. Be2 b6 9. O-O Bb7 10. f3 Bd6 11. h3 h4 12. Kh1 Nh5 13. Re1 Bg3 14.
Rf1 Be5 15. f4 Nxf4 16. Ndb5 axb5 17. Nxb5 Qc6 18. Bxf4 Qxe4 19. Bf3 Qxf4 0-1

[Event "Late-Titled-Tuesday-Blitz-September-05-2023"]
[Site "Chess.com"]
[Date "2023.09.05"]
[Round "6"]
[White "YEIKO2017"]
[Black "CrushingKings"]
[Result "0-1"]
[WhiteElo "2423"]
[BlackElo "2541"]
[TimeControl "180+1"]
[EndTime "15:04:35 PDT"]
[Termination "CrushingKings won by resignation"]

1. e4 g6 2. d4 Bg7 3. Nc3 c6 4. Nf3 d5 5. Bf4 dxe4 6. Nxe4 Nf6 7. Nxf6+ exf6 8. Bc4 O-O 9. O-O a5 10. a4 Na6 11. c3 Nc7 12. Qd2 Nd5 13. Bh6 Bg4 14. Bxg7 Kxg7 15. Ne1 Re8 16. Nc2 Qd6 17. Ne3 Nxe3 18.
fxe3 Bf5 19. Rxf5 gxf5 20. Rf1 Re4 21. Rxf5 Rae8 22. Rf3 Qe7 23. Kf2 Qd6 24. Rg3+ Kf8 25. Bd3 Rh4 26. Kg1 c5 27. Qf2 cxd4 28. exd4 Qf4 29.
Rf3 Qxh2+ 0-1

[Event "Late-Titled-Tuesday-Blitz-September-05-2023"]
[Site "Chess.com"]
[Date "2023.09.05"]
[Round "6"]
[White "Bobbybunny"]
[Black "Akhayan"]
[Result "1-0"]
[WhiteElo "2215"]
[BlackElo "2349"]
[TimeControl "180+1"]
[EndTime "15:04:35 PDT"]
[Termination "Bobbybunny won by resignation"]

1. e4 e5 2. f4 Nc6 3. Nf3 f5 4. exf5 e4 5. Ne5 Nf6 6. d4 d6 7. Nxc6 bxc6 8. g4 Qe7 9. c4 Bd7 10. Nc3 O-O-O 11. Be3 h5 12. Qa4 Kb8 13. d5 c5 14. Nb5 Bxb5 15. Qxb5+ Kc8 16. Qa6+ Kb8 17. Qb5+ Kc8 18. Qa6+ Kb8 19. b4 Ka8 20. bxc5 Nd7 21. c6 1-0

[Event "Late-Titled-Tuesday-Blitz-September-05-2023"]
[Site "Chess.com"]
[Date "2023.09.05"]
[Round "6"]
[White "wanyaland"]
[Black "Kombinator01"]
[Result "1-0"]
[WhiteElo "2282"]
[BlackElo "2435"]
[TimeControl "180+1"]
[EndTime "15:04:37 PDT"]
[Termination "wanyaland won by checkmate"]

1. d4 a6 2. e4 b5 3. Bd3 Bb7 4.
Nf3 e6 5. Nbd2 c5 6. c3 d5 7. exd5 Bxd5 8. a4 c4 9. Bc2 Nc6 10. O-O Nf6 11. Re1 Bd6 12. Nf1 b4 13. Ne3 O-O 14. Qe2 b3 15. Bb1 Na5 16. Ne5 Rc8 17. Nxd5 exd5 18. Bg5 Re8 19. Qf3 Nc6 20. Qf5 Re6 21.
Bxf6 gxf6 22. Qxh7+ Kf8 23. Qxf7# 1-0

[Event "Late-Titled-Tuesday-Blitz-September-05-2023"]
[Site "Chess.com"]
[Date "2023.09.05"]
[Round "6"]
[White "cande_francisco"]
[Black "Too_Stupid_To_Play"]
[Result "0-1"]
[WhiteElo "2548"]
[BlackElo "2289"]
[TimeControl "180+1"]
[EndTime "15:04:43 PDT"]
[Termination "Too_Stupid_To_Play won by resignation"]

1. e4 b6 2. d4 Bb7 3. Nc3 e6 4. f4 Bb4 5. Bd3 Nf6 6. Qe2 d5 7. e5 Ne4 8. Bxe4 dxe4 9. Be3 Qd5 10. a3 Bxc3+ 11. bxc3 Ba6 12. Qg4 g6 13. h4 Qc4 14.
Kd2 h5 15. Qe2 Qa4 16. Qe1 Nc6 17. Bf2 Na5 18. Qxe4 Bb7 19. Qd3 Bxg2 20. Rh2 Bd5 21. Nh3 Nc4+ 22. Ke2 Nxe5 23. fxe5 Bc4 24. Ng5 Qxc2+ 0-1

[Event "Late-Titled-Tuesday-Blitz-September-05-2023"]
[Site "Chess.com"]
[Date "2023.09.05"]
[Round "6"]
[White "sterpfi"]
[Black "allvim"]
[Result "1-0"]
[WhiteElo "2159"]
[BlackElo "2287"]
[TimeControl "180+1"]
[EndTime "15:04:45 PDT"]
[Termination "sterpfi won by resignation"]

1. e4 c5 2. Nf3 d6 3. Bb5+ Bd7 4.
Bxd7+ Qxd7 5. c4 Nc6 6. Nc3 e6 7. d4 cxd4 8. Nxd4 Nf6 9. O-O Be7 10. Be3 O-O 11. Qe2 Nxd4 12. Bxd4 Qc6 13. Rad1 Rac8 14.
b3 a6 15. a4 Rfd8 16. f4 d5 17. exd5 exd5 18. Qxe7 Re8 19. Qb4 dxc4 20. bxc4 Ng4 21. Nd5 Qh6 22. h3 Nf6 23. Bxf6 gxf6 24. Ne7+ Rxe7 25.
Qxe7 Qg6 26. Rd8+ Rxd8 27. Qxd8+ 1-0

[Event "Late-Titled-Tuesday-Blitz-September-05-2023"]
[Site "Chess.com"]
[Date "2023.09.05"]
[Round "6"]
[White "Keaton87"]
[Black "Schwindle"]
[Result "1-0"]
[WhiteElo "2620"]
[BlackElo "2412"]
[TimeControl "180+1"]
[EndTime "15:04:47 PDT"]
[Termination "Keaton87 won by resignation"]

1. d4 Nf6 2. Bg5 d5 3. Nd2 Nbd7 4. Ngf3 e6 5. Ne5 Be7 6. e3 Nxe5 7. dxe5 Nd7 8.
Bxe7 Qxe7 9. f4 f6 10. exf6 Qxf6 11. c3 O-O 12. Nf3 c6 13. Bd3 e5 14. fxe5 Nxe5 15.
O-O Bg4 16. Be2 Bxf3 17. Bxf3 Qg5 18. Qe2 Rae8 19. Rae1 Rf6 20. Rf2 Ref8 21. Ref1 Nc4 22. Re1 Ne5 23. Ref1 Nc4 24. e4 Nd2 25. Qxd2 Qxd2 26.
Rxd2 dxe4 27. Be2 e3 28. Rxf6 Rxf6 29. Rd3 1-0

[Event "Late-Titled-Tuesday-Blitz-September-05-2023"]
[Site "Chess.com"]
[Date "2023.09.05"]
[Round "6"]
[White "lachesisQ"]
[Black "bascheyaro"]
[Result "1-0"]
[WhiteElo "3079"]
[BlackElo "2813"]
[TimeControl "180+1"]
[EndTime "15:05:06 PDT"]
[Termination "lachesisQ won by resignation"]

1. d4 d5 2. c4 c6 3. Nf3 Nf6 4. e3 a6 5. Nc3 Bf5 6. Nh4 Be6 7.
c5 Ne4 8. Bd3 f5 9. O-O g6 10.
Qb3 Bc8 11. f3 Nxc3 12. bxc3 e5 13. g3 Be7 14. e4 Bxh4 15. gxh4 exd4 16. Bg5 Qd7 17.
exd5 cxd5 18. Rae1+ Kf8 19. Re7 Qxe7 20. Bxe7+ Kxe7 21. Qxd5 Nc6 22. Bc4 Bd7 23. Qd6+ Kd8 24. Be6 Nb8 1-0

[Event "Late-Titled-Tuesday-Blitz-September-05-2023"]
[Site "Chess.com"]
[Date "2023.09.05"]
[Round "6"]
[White "Russian_berezka"]
[Black "Garmendiarov"]
[Result "1-0"]
[WhiteElo "2593"]
[BlackElo "2355"]
[TimeControl "180+1"]
[EndTime "15:05:08 PDT"]
[Termination "Russian_berezka won by resignation"]

1. d4 Nf6 2. Bf4 g6 3. Nc3 d5 4. Qd2 h6 5. O-O-O Bg7 6. f3 O-O 7. Bxh6 c5 8. Bxg7 Kxg7 9. dxc5 Be6 10. e4 d4 11. Qxd4 Qxd4 12. Rxd4 Nbd7 13. Bc4 Bxc4 14. Rxc4 Rac8 15. Nge2 Rxc5 16. Rxc5 Nxc5 17. Rd1 Rh8 18. h3 Nh5 19. Nd5 Rd8 20. Nxe7 Re8 21. Nd5 Ne6 22.
b3 Rc8 23. Kb2 Ng5 24. c4 f5 25. exf5 gxf5 26. Ne7 Rf8 27. Rd7 Rf7 28. Nxf5+ Kf6 29. Rxf7+ Nxf7 30. g4 Kg5 31. h4+ Kf6 32. Kc3 Ng7 33. Nxg7 Kxg7 34. h5 Kh6 35. f4 Nd6 36. Kd4 1-0